 Dungeon Sprint DCSS version 0.21.1-1-g345015f (webtiles) character file.

195 Gingerlord the Charmwright (level 5, -1/46 HPs)
             Began as a Gnoll Skald on May 28, 2018.
             Was a Follower of Makhleb.
             Slain by a troll (11 damage)
             ... in the Dungeon (Sprint IX: "|||||||||||||||||||||||||||||").
             The game lasted 00:02:26 (400 turns).

Gingerlord the Charmwright (Gnoll Skald)             Turns: 400, Time: 00:02:27

Health: -1/46      AC: 11    Str: 15    XL:     5   Next: 74%
Magic:  11/13      EV:  9    Int: 21    God:    Makhleb [*.....]
Gold:   0          SH:  0    Dex: 14    Spells: 15/16 levels left

rFire    . . .     SeeInvis .   n - +2 scimitar (flame)
rCold    . . .     Gourm    .   (no shield)
rNeg     . . .     Faith    .   p - +1 chain mail
rPois    .         Spirit   .   o - +0 helmet
rElec    .         Reflect  .   (no cloak)
rCorr    .         Harm     .   (no gloves)
MR       .....     NoTele   +   (no boots)
Stlth    ..........             (no amulet)
HPRegen  0.15/turn              q - +3 ring of intelligence
MPRegen  0.13/turn              r - +3 ring of intelligence

@: invisible
A: distributed training, fangs 1, strong nose
a: Renounce Religion


You were in the Dungeon.
You worshipped Makhleb.
Makhleb was aware of your devotion.
You were not hungry.

You visited 1 branch

Inventory:

Hand Weapons
 a - a +0 falchion
 n - a +2 scimitar of flaming (weapon)
Armour
 o - a +0 helmet (worn)
 p - a +1 chain mail (worn)
Jewellery
 q - a +3 ring of intelligence (left hand)
 r - a +3 ring of intelligence (right hand)
Wands
 m - a wand of iceblast (10)
Scrolls
 j - 2 scrolls of blinking
 k - 3 scrolls of remove curse
 l - 2 scrolls of amnesia
Potions
 f - 2 potions of heal wounds
 g - a potion of haste
 h - 4 potions of magic
 i - 3 potions of curing
Books
 c - a book of Battle

   Spells                             Type                      Level
   a - Infusion                       Charms                       1
   b - Shroud of Golubria             Charms/Translocation         2
   c - Song of Slaying                Charms                       2
   d - Spectral Weapon                Hexes/Charms                 3
   e - Regeneration                   Charms/Necromancy            3
Comestibles
 d - a ration


   Skills:
 + Level 6.0 Fighting
 + Level 3.8 Short Blades
 + Level 6.0 Long Blades
 + Level 3.8 Axes
 + Level 3.8 Maces & Flails
 + Level 3.8 Polearms
 + Level 3.8 Staves
 + Level 3.8 Slings
 + Level 3.8 Bows
 + Level 3.8 Crossbows
 + Level 3.8 Throwing
 + Level 4.6 Armour
 + Level 6.0 Dodging
 + Level 3.8 Stealth
 + Level 3.8 Shields
 + Level 3.8 Unarmed Combat
 + Level 6.3 Spellcasting
 + Level 3.1 Conjurations
 + Level 3.1 Hexes
 + Level 6.3 Charms
 + Level 3.1 Summonings
 + Level 3.1 Necromancy
 + Level 3.1 Translocations
 + Level 3.1 Transmutations
 + Level 3.1 Fire Magic
 + Level 3.1 Ice Magic
 + Level 3.1 Air Magic
 + Level 3.1 Earth Magic
 + Level 3.1 Poison Magic
 + Level 4.1 Invocations
 + Level 3.8 Evocations


You had 15 spell levels left.
You knew the following spells:

 Your Spells              Type           Power        Failure   Level  Hunger
a - Infusion              Chrm           ####         13%         1    None


Dungeon Overview and Level Annotations

Branches:
Dungeon (1/1)

Altars:
Cheibriados
Dithmenos
Elyvilon
Fedhas
Gozag
Hepliaklqana
Kikubaaqudgha
Makhleb
Nemelex Xobeh
Okawaru
Qazlal
Ru
Sif Muna
Trog
Uskayaw
Vehumet
Wu Jian
Xom
Yredelemnul
Zin
The Shining One
Beogh
Jiyva
Lugonu


Innate Abilities, Weirdness & Mutations

Your experience applies equally to all skills.
You have very sharp teeth.
Your uncanny sense of smell can sniff out nearby items.


Message History

Your Summonings skill increases to level 3!
Your Necromancy skill increases to level 3!
Your Translocations skill increases to level 3!
Your Transmutations skill increases to level 3!
Your Fire Magic skill increases to level 3!
Your Ice Magic skill increases to level 3!
Your Air Magic skill increases to level 3!
Your Earth Magic skill increases to level 3!
Your Poison Magic skill increases to level 3!
Your Invocations skill increases to level 4!
Your Evocations skill increases to level 3!
You have reached level 5!
You slash the troll! You burn the troll.
The troll is heavily wounded.
The troll bites you!
* * * LOW HITPOINT WARNING * * *
The troll claws you but does no damage. The troll barely misses you.
You fade into invisibility!
The troll bites you!
You die...

▓▓▓▓▓▓▓▓▓▓▓▓▓▓▓▓▓▓▓▓▓▓▓▓
_______'..|).[..@Trs....
▓▓▓▓▓▓▓▓▓▓▓▓▓▓▓▓▓▓▓▓▓▓▓▓
∆∆∆∆ ∆ ∆


You could see a troll, a scorpion and a quokka.

Vanquished Creatures
  A water moccasin (D)
  A scorpion (D)
  An orc wizard (D)
  A dart slug (D)
  A leopard gecko (D)
  An orc (D)
  2 bat zombies (D)
  A goblin (D)
  A hobgoblin (D)
  A kobold (D)
  A quokka (D)
  A frilled lizard (D)
13 creatures vanquished.

Notes
Turn   | Place    | Note
-------+----------+-------------------------------------------
     0 | D        | Gingerlord the Gnoll Skald began the quest for the Orb.
     0 | D        | Reached XP level 1. HP: 20/20 MP: 6/6
    10 | D        | Reached skill level 5 in Spellcasting
    11 | D        | Reached skill level 1 in Invocations
    12 | D        | Reached skill level 1 in Short Blades
    12 | D        | Reached skill level 1 in Axes
    12 | D        | Reached skill level 1 in Maces & Flails
    12 | D        | Reached skill level 1 in Polearms
    12 | D        | Reached skill level 1 in Staves
    12 | D        | Reached skill level 1 in Slings
    12 | D        | Reached skill level 1 in Bows
    12 | D        | Reached skill level 1 in Crossbows
    12 | D        | Reached skill level 1 in Throwing
    12 | D        | Reached skill level 1 in Stealth
    12 | D        | Reached skill level 1 in Shields
    12 | D        | Reached skill level 1 in Unarmed Combat
    12 | D        | Reached skill level 1 in Evocations
    15 | D        | Reached XP level 2. HP: 24/26 MP: 0/8
    90 | D        | Noticed a scorpion
   100 | D        | Reached skill level 5 in Fighting
   100 | D        | Reached skill level 5 in Long Blades
   100 | D        | Reached skill level 5 in Dodging
   100 | D        | Reached skill level 1 in Conjurations
   100 | D        | Reached skill level 1 in Hexes
   100 | D        | Reached skill level 1 in Summonings
   100 | D        | Reached skill level 1 in Necromancy
   100 | D        | Reached skill level 1 in Translocations
   100 | D        | Reached skill level 1 in Transmutations
   100 | D        | Reached skill level 1 in Fire Magic
   100 | D        | Reached skill level 1 in Ice Magic
   100 | D        | Reached skill level 1 in Air Magic
   100 | D        | Reached skill level 1 in Earth Magic
   100 | D        | Reached skill level 1 in Poison Magic
   100 | D        | Reached XP level 3. HP: 13/33 MP: 3/9
   122 | D        | Killed a scorpion
   122 | D        | Reached XP level 4. HP: 39/39 MP: 0/11
   292 | D        | Found a roughly hewn altar of Beogh.
   292 | D        | Found a snail-covered altar of Cheibriados.
   292 | D        | Found a shadowy altar of Dithmenos.
   292 | D        | Found a white marble altar of Elyvilon.
   292 | D        | Found a blossoming altar of Fedhas.
   292 | D        | Found an opulent altar of Gozag.
   293 | D        | Found a hazy altar of Hepliaklqana.
   294 | D        | Found a viscous altar of Jiyva.
   295 | D        | Found an ancient bone altar of Kikubaaqudgha.
   296 | D        | Found a corrupted altar of Lugonu.
   297 | D        | Found a burning altar of Makhleb.
   298 | D        | Found a sparkling altar of Nemelex Xobeh.
   299 | D        | Found an iron altar of Okawaru.
   300 | D        | Found a stormy altar of Qazlal.
   301 | D        | Found a sacrificial altar of Ru.
   302 | D        | Found a deep blue altar of Sif Muna.
   303 | D        | Found a bloodstained altar of Trog.
   304 | D        | Found a hide-covered altar of Uskayaw.
   305 | D        | Found a radiant altar of Vehumet.
   306 | D        | Found an ornate altar of the Wu Jian Council.
   307 | D        | Found a shimmering altar of Xom.
   308 | D        | Found a basalt altar of Yredelemnul.
   309 | D        | Found a glowing silver altar of Zin.
   310 | D        | Found a glowing golden altar of the Shining One.
   321 | D        | Became a worshipper of Makhleb the Destroyer
   375 | D        | Noticed a water moccasin
   375 | D        | Noticed a troll
   398 | D        | Killed a water moccasin
   398 | D        | Reached * piety under Makhleb
   398 | D        | Reached XP level 5. HP: 20/46 MP: 11/13
   400 | D        | Slain by a troll

Skill      XL: |  1  2  3  4 |
---------------+-------------+-----
Spellcasting   | 5 6 |  6.3
Invocations    | 1 2 3 4 |  4.1
Short Blades   | 1 2 3 |  3.8
Axes           | 1 2 3 |  3.8
Maces & Flails | 1 2 3 |  3.8
Polearms       | 1 2 3 |  3.8
Staves         | 1 2 3 |  3.8
Slings         | 1 2 3 |  3.8
Bows           | 1 2 3 |  3.8
Crossbows      | 1 2 3 |  3.8
Throwing       | 1 2 3 |  3.8
Stealth        | 1 2 3 |  3.8
Shields        | 1 2 3 |  3.8
Unarmed Combat | 1 2 3 |  3.8
Evocations     | 1 2 3 |  3.8
Fighting       | 5 6 |  6.0
Long Blades    | 5 6 |  6.0
Armour         | 3 4 |  4.6
Dodging        | 5 6 |  6.0
Conjurations   | 1 2 3 |  3.1
Hexes          | 1 2 3 |  3.1
Summonings     | 1 2 3 |  3.1
Necromancy     | 1 2 3 |  3.1
Translocations | 1 2 3 |  3.1
Transmutations | 1 2 3 |  3.1
Fire Magic     | 1 2 3 |  3.1
Ice Magic      | 1 2 3 |  3.1
Air Magic      | 1 2 3 |  3.1
Earth Magic    | 1 2 3 |  3.1
Poison Magic   | 1 2 3 |  3.1
Charms         | 6 |  6.3

Action                   |  1- 3 |  4- 6 || total
-------------------------+-------+-------++-------
Melee: Falchion          |    38 |       ||    38
       Bite              |     5 |     4 ||     9
       Scimitar          |       |    23 ||    23
 Cast: Infusion          |     2 |       ||     2
  Use: Potion            |     3 |     2 ||     5
Armor: Leather armour    |     3 |       ||     3
       Chain mail        |       |    12 ||    12
Dodge: Dodged            |    23 |    15 ||    38
       Rpst.: Falchion   |     7 |       ||     7
       Scimitar          |       |     4 ||     4
